Map: Acid Plant LE

Players

VZVL

  • Race: Terran Terran
  • League: Platinum
  • Spawn Location: 5:00

ILIEKEGGPIE - Winner!

  • Race: Protoss Protoss
  • League: Platinum
  • Spawn Location: 11:00

VOD

Have the link to the VOD?

Description

Time

  • Played on: April 24, 2018, 3:27 p.m.
  • Length: 5:21
Show
View Real Time Build Order
Export as new Build Order

VZVL Terran 

Build Orders: Cyclone Opening 

Get SALT Encoding   

  12  0:02  SCV  
  14  0:14  SCV  
  14  0:19  Supply Depot  
  14  0:26  SCV  
  15  0:33  Refinery  
  15  0:49  Barracks  
  15  0:52  SCV  
  16  0:59  Supply Depot  
  16  1:07  Supply Depot  
  16  1:12  SCV  
  17  1:27  Refinery  
  17  1:44  Factory  
  17  2:09  Barracks Reactor  
  17  2:14  Orbital Command  
  17  2:41  Supply Depot  
  18  2:44  SCV  
  18  2:56  Barracks Reactor, Cyclone x2, SCV  
  25  3:08  SCV  
  26  3:20  SCV  
  26  3:32  SCV  
  26  3:33  Cyclone x2  
  33  3:36  Marine  
  30  4:05  Cyclone  
Show
View Real Time Build Order
Export as new Build Order

ILIEKEGGPIE Protoss - Winner!

Build Orders:  

Get SALT Encoding   

  12  0:01  Probe  
  13  0:13  Probe  
  14  0:18  Pylon  
  14  0:25  Probe  
  15  0:38  Gateway, Probe  
  16  0:46  Assimilator  
  16  0:50  Probe  
  17  1:00  Probe  
  17  1:04  Pylon  
  18  1:08  Probe  
  18  1:13  Assimilator  
  18  1:17  Probe  
  20  1:28  Cybernetics Core  
  20  1:30  Probe  
  21  1:39  Gateway  
  21  1:42  Probe  
  22  1:55  Probe  
  23  2:05  Pylon  
  23  2:06  Warp Gate  
  23  2:08  Stalker  
  25  2:25  Stalker  
  25  2:28  Stargate  
  25  2:30  Shield Battery  
  25  2:32  Shield Battery  
  27  2:46  Stalker  
  29  3:01  Void Ray  
  33  3:48  Pylon  
  33  4:07  Pylon  
  33  4:24  Stalker  
  33  4:26  Stalker  
Tags
 
Add a new tag
Caveats
  • Supply blocks, unpowered buildings, or Contaminate may cause inaccurate times.
  • Supply counts are checked every 10 seconds.